 Dungeon Crawl Stone Soup version 0.23.2-30-g0e89c35649 (webtiles) character file.

Game seed: 12655738795836207972

0 Solarlg the Caller (level 1, -1/7 HPs)
             Began as a Felid Summoner on June 11, 2019.
             Slain by a kobold
             ... wielding a +0 whip
              (6 damage)
             ... on level 1 of the Dungeon.
             The game lasted 00:01:07 (171 turns).

Solarlg the Caller (Felid Summoner)                  Turns: 171, Time: 00:01:08

Health: -1/7       AC:  1    Str:  4    XL:     1   Next: 8%
Magic:  4/4        EV: 18    Int: 16    God:
Gold:   9          SH:  0    Dex: 16    Spells: 3/4 levels left
                                        Lives:  0   Deaths: 0

rFire    . . .     SeeInvis +   (weapon unavailable)
rCold    . . .     Gourm    .   (shield unavailable)
rNeg     . . .     Faith    .   (armour unavailable)
rPois    .         Spirit   .   (helmet unavailable)
rElec    .         Reflect  .   (cloak unavailable)
rCorr    .         Harm     .   (gloves unavailable)
MR       .....                  (boots unavailable)
Stlth    ++........             (no amulet)
HPRegen  0.02/turn              d - ring of attention (curse)
MPRegen  0.09/turn              (no ring)

@: quick
A: very small, no armour, no weapons or thrown items, stealth, claws 1, fangs 3,
see invisible, carnivore, speed 1, shaggy fur 1, slow metabolism 1, sharp paws
a: no special abilities


You were on level 1 of the Dungeon.
You were not hungry.

You visited 1 branch of the dungeon, and saw 1 of its levels.

You collected 9 gold pieces.

Inventory:

Jewellery
 d - a cursed ring of attention (left paw)
Scrolls
 a - a scroll of amnesia {unknown}
 c - a scroll of fog {unknown}
Potions
 e - a potion of heal wounds {unknown}
 f - a potion of curing {unknown}
 g - a potion of haste {unknown}
Comestibles
 b - a ration


   Skills:
 - Level 2.6 Dodging
 - Level 2.6 Stealth
 + Level 2.0 Spellcasting
 - Level 4.0 Summonings


You had 3 spell levels left.
You knew the following spells:

 Your Spells              Type           Power        Failure   Level  Hunger
a - Summon Small Mammal   Summ           ##..         4%          1    #......

Your spell library contained the following spells:

 Spells                   Type           Power        Failure   Level  Hunger
 Call Imp                 Summ           ##......     6%          2    ###....
 Call Canine Familiar     Summ           ##......     12%         3    ###....
 Summon Guardian Golem    Hex/Summ       #.......     26%         3    ###....
 Summon Ice Beast         Ice/Summ       #.......     65%         4    #####..
 Summon Lightning Spire   Summ/Air       #.......     65%         4    #####..


Dungeon Overview and Level Annotations

Branches:
Dungeon (1/15)

Altars:


Innate Abilities, Weirdness & Mutations

You cannot wear armour.
You are incapable of wielding weapons or throwing items.
Your paws allow you to move quietly. (Stealth)
You have sharp claws.
You have razor-sharp teeth.
You have supernaturally acute eyesight. (SInv)
You are carnivorous and can eat meat at any time.
You cover ground quickly.
You are covered in fur. (AC +1)
You have a slow metabolism.
Your sharp claws are effective at attacking unaware monsters.


Message History

The kobold misses your rat.
Your rat closely misses the kobold.
The kobold throws a stone.
The stone barely misses your rat. The stone hits you.
Your rat bites the kobold but does no damage.
The kobold throws a stone.
The stone hits your rat.
Your rat barely misses the kobold.
The kobold misses your rat.
Your rat closely misses the kobold.
The kobold hits your rat with a +0 whip.
Your rat dies!
Your rat's corpse disappears in a puff of smoke!
You scratch the kobold but do no damage.
The kobold misses you.
You scratch the kobold.
The kobold is moderately wounded.
The kobold misses you.
You closely miss the kobold.
The kobold is moderately wounded.
The kobold hits you with a +0 whip.
Ouch! That really hurt!
You die...

##...#.#.....##
....#...#........
####.....#####.. . .
#...........#..# .. ..
.#....<....#...###... ...
.#.........#........ ....
#...........#..... .....
####.....#####.####......
....#...#......(@Kg......
###..#.#......#####......
####..#.......# .....
..............# ....
####..........# ...
#..........# ..
##........## . ##......##
########


You could see a hobgoblin and a kobold.

Vanquished Creatures
  A kobold (D:1)
1 creature vanquished.

Notes
Turn   | Place    | Note
-------+----------+-------------------------------------------
     0 | D:1      | Solarlg the Felid Summoner began the quest for the Orb.
     0 | D:1      | Reached XP level 1. HP: 7/7 MP: 4/4
   171 | D:1      | Slain by a kobold

Action                   || total
-------------------------++-------
Melee: Unarmed           ||     4
 Cast: Summon Small Mamm ||     1
 Stab: Sleeping          ||     1
Dodge: Dodged            ||     2
